 Dungeon Crawl Stone Soup version 0.28.0 (webtiles) character file.

Game seed: 15252740804689805037

4173 coolio the Blocker (level 10, -8/82 HPs)
             Began as a Gnoll Fighter on Feb 8, 2022.
             Was a Priest of Okawaru.
             Mangled by a starcursed mass (10 damage)
             ... on level 2 of the Abyss.
             The game lasted 00:12:24 (9792 turns).

coolio the Blocker (Gnoll Fighter)                  Turns: 9792, Time: 00:12:25

Health: -8/82      AC: 21    Str: 15    XL:     10   Next: 28%
Magic:  17/17      EV: 11    Int: 13    God:    Okawaru [***...]
Gold:   397        SH:  8    Dex: 17    Spells: 19/19 levels left

rFire   . . .      SeeInvis .   a - +0 trident
rCold   . . .      Faith    +   c - +0 buckler
rNeg    . . .      Spirit   .   F - +0 chain mail
rPois   .          Reflect  .   m - +0 helmet
rElec   .          Harm     .   l - +0 cloak
rCorr   .          Rampage  .   (no gloves)
Will    .....                   t - +0 pair of boots
Stlth   ++........              w - amulet of faith
HPRegen 0.23/turn               e - +6 ring of dexterity
MPRegen 0.15/turn               A - +4 ring of protection

@: heroic
A: fangs 1, strong nose, distributed training
a: Renounce Religion, Heroism


You were on level 2 of the Abyss.
You worshipped Okawaru.
Okawaru was most pleased with you.
You visited 1 branch of the dungeon, and saw 9 of its levels.
You visited the Abyss 1 time.

You collected 566 gold pieces.
You spent 169 gold pieces at shops.

Inventory:

Hand Weapons
 a - a +0 trident (weapon)
Missiles
 k - 4 javelins (quivered)
Armour
 c - a +0 buckler (worn)
 l - a +0 cloak (worn)
 m - a +0 helmet (worn)
 r - a scarf of invisibility
 t - a +0 pair of boots (worn)
 F - a +0 chain mail (worn)
Jewellery
 b - a +6 ring of intelligence
 e - a +6 ring of dexterity (left hand)
 i - an amulet of reflection
 w - an amulet of faith (around neck)
 A - a +4 ring of protection (right hand)
 C - an amulet of regeneration
Wands
 u - a wand of charming (14)
 v - a wand of flame (16)
 B - a wand of acid (1)
Scrolls
 h - 5 scrolls of teleportation {unknown}
 j - 5 scrolls of identify {unknown}
 n - 2 scrolls of vulnerability {unknown}
 p - 2 scrolls of noise {unknown}
 s - a scroll of magic mapping {unknown}
 y - a scroll of blinking {unknown}
 z - a scroll of immolation {unknown}
 E - a scroll of enchant armour {unknown}
Potions
 d - a potion of might
 f - a potion of heal wounds
 g - 2 potions of ambrosia
 o - a potion of flight
 q - 5 potions of curing
 x - a potion of brilliance {unknown}
 D - a potion of lignification


   Skills:
 + Level 8.4(13.4) Fighting
 + Level 5.1(10.1) Short Blades
 + Level 5.1(10.1) Long Blades
 + Level 5.1(10.1) Axes
 + Level 5.1(10.1) Maces & Flails
 + Level 7.0(12.0) Polearms
 + Level 5.1(10.1) Staves
 + Level 5.1(10.1) Slings
 + Level 5.1(10.1) Bows
 + Level 5.1(10.1) Crossbows
 + Level 5.1(10.1) Throwing
 + Level 8.4(13.4) Armour
 + Level 5.1(10.1) Dodging
 + Level 5.1(10.1) Stealth
 + Level 8.4(13.4) Shields
 + Level 5.1(10.1) Unarmed Combat
 + Level 5.1 Spellcasting
 + Level 4.2 Conjurations
 + Level 4.2 Hexes
 + Level 4.2 Summonings
 + Level 4.2 Necromancy
 + Level 4.2 Translocations
 + Level 4.2 Transmutations
 + Level 4.2 Fire Magic
 + Level 4.2 Ice Magic
 + Level 4.2 Air Magic
 + Level 4.2 Earth Magic
 + Level 4.2 Poison Magic
 + Level 5.6 Invocations
 + Level 5.1 Evocations


You had 19 spell levels left.
You didn't know any spells.
Your spell library contained the following spells:

 Spells                   Type           Power      Damage    Failure   Level
 Corpse Rot               Necr/Air       28%        N/A       50%         2
 Ensorcelled Hibernation  Hex/Ice        28%        N/A       50%         2
 Passwall                 Tmut/Erth      11%        N/A       50%         2
 Conjure Flame            Conj/Fire      14%        6-21      73%         3
 Ignite Poison            Fire/Tmut/Pois 14%        N/A       73%         3
 Ozocubu's Armour         Ice            14%        N/A       73%         3
 Swiftness                Air            14%        N/A       73%         3
 Dispel Undead            Necr           14%        3d10      98%         4
 Sticky Flame             Conj/Fire      14%        2d4       98%         4
 Borgnjor's Vile Clutch   Necr/Erth      7%         N/A       100%        5
 Ozocubu's Refrigeration  Ice            7%         4d6       100%        7
 Animate Dead             Necr           Unusable   N/A       N/A         4
 Death Channel            Necr           Unusable   N/A       N/A         6

Dungeon Overview and Level Annotations

Branches:
Dungeon (9/15)             Temple (0/1) D:6            Lair (0/6) D:8
    Orc: D:9-12

Altars:
Cheibriados
Elyvilon
Kikubaaqudgha
Okawaru
Uskayaw
Vehumet

Shops:
D:7 !

Annotations:
D:9 Erolcha


Innate Abilities, Weirdness & Mutations

You have very sharp teeth.
Your uncanny sense of smell can sniff out nearby items.
Your experience applies equally to all skills.


Message History

You block the starcursed mass's attack.
A starcursed mass splits.
The starcursed mass touches you. x2
Unknown command.
You puncture the starcursed mass!
You bite the starcursed mass, but do no damage.
The starcursed mass is moderately damaged.
The starcursed mass shudders and is absorbed by its neighbour.
The starcursed mass touches you.
The starcursed mass touches you but does no damage. x2
You hit the starcursed mass but do no damage.
The starcursed mass is moderately damaged.
The starcursed mass closely misses you.
Unknown command.
You hit the starcursed mass but do no damage.
You bite the starcursed mass, but do no damage.
The starcursed mass is moderately damaged.
A deafening chorus of shrieks assaults your mind!
* * * LOW HITPOINT WARNING * * *
A starcursed mass splits.
The starcursed mass closely misses you. The starcursed mass touches you!
* * * LOW HITPOINT WARNING * * *
You hit the starcursed mass.
The starcursed mass is moderately damaged.
The starcursed mass shudders and is absorbed by its neighbour.
The starcursed mass touches you but does no damage. x2
A starcursed mass splits.
Unknown command.
The starcursed mass touches you.
* * * LOW HITPOINT WARNING * * *
The starcursed mass touches you but does no damage.
A starcursed mass splits.
The starcursed mass touches you but does no damage.
Unknown command.
You puncture the starcursed mass!
You destroy the starcursed mass!
That felt strangely unrewarding.
The starcursed mass barely misses you.
The starcursed mass touches you but does no damage. x2
The starcursed mass touches you but does no damage.
The starcursed mass touches you!
You die...

#.###.##. ##.#
#........ .....
......... .....
........#.....
#.....#....
#........#
..#...#XX#.#
#.......@X# .
..#.#..XXX####...
.......#......
#..#..#.∩....#...
..#.##.##....#
......# ##.##..
...... #....# ..
.. ..#... . .....


You could see 6 starcursed masses.

Vanquished Creatures
  A two-headed ogre (D:8)
  A hornet (D:7)
  A steam dragon (D:7)
  3 wargs (D:8)
  A water moccasin (D:6)
  An orc warrior (D:8)
  A sky beast (D:7)
  2 ice beasts
  A black bear (D:7)
  2 ogres (D:5)
  4 centaurs
  A phantom (D:7)
  A kobold brigand (D:8)
  A bullfrog (D:7)
  Blork the orc (D:6)
  9 killer bees
  2 howler monkeys (D:6)
  A starcursed mass (Abyss:2)
  A centaur skeleton (D:6)
  2 centaur zombies
  A jelly (D:8)
  6 orc priests
  4 hounds
  4 iguanas (D:4)
  12 orc wizards
  A howler monkey zombie (D:8)
  Robin (D:3)
  7 gnolls
  A howler monkey skeleton (D:4)
  9 adders
  3 shadow imps
  An adder skeleton (D:4)
  A worm (D:2)
  5 dart slugs
  19 orcs
  A bat (D:3)
  9 endoplasms
  5 giant cockroaches
  10 goblins
  12 hobgoblins
  6 jackals
  13 kobolds
  6 quokkas
  3 ball pythons
  6 frilled lizards
  5 rats
188 creatures vanquished.

Notes
Turn   | Place    | Note
-------+----------+-------------------------------------------
     0 | D:1      | coolio the Gnoll Fighter began the quest for the Orb.
     0 | D:1      | Reached XP level 1. HP: 23/23 MP: 1/1
    74 | D:1      | Reached XP level 2. HP: 27/29 MP: 2/2
   516 | D:1      | Reached XP level 3. HP: 32/35 MP: 3/3
  1023 | D:2      | Reached skill level 1 in Invocations
  1040 | D:2      | Reached skill level 1 in Short Blades
  1040 | D:2      | Reached skill level 1 in Long Blades
  1040 | D:2      | Reached skill level 1 in Axes
  1040 | D:2      | Reached skill level 1 in Maces & Flails
  1040 | D:2      | Reached skill level 1 in Staves
  1040 | D:2      | Reached skill level 1 in Slings
  1040 | D:2      | Reached skill level 1 in Bows
  1040 | D:2      | Reached skill level 1 in Crossbows
  1040 | D:2      | Reached skill level 1 in Throwing
  1040 | D:2      | Reached skill level 1 in Dodging
  1040 | D:2      | Reached skill level 1 in Stealth
  1040 | D:2      | Reached skill level 1 in Unarmed Combat
  1040 | D:2      | Reached skill level 1 in Spellcasting
  1040 | D:2      | Reached skill level 1 in Evocations
  1079 | D:2      | Reached XP level 4. HP: 41/41 MP: 5/5
  1585 | D:2      | Reached skill level 1 in Conjurations
  1585 | D:2      | Reached skill level 1 in Hexes
  1585 | D:2      | Reached skill level 1 in Summonings
  1585 | D:2      | Reached skill level 1 in Necromancy
  1585 | D:2      | Reached skill level 1 in Translocations
  1585 | D:2      | Reached skill level 1 in Transmutations
  1585 | D:2      | Reached skill level 1 in Fire Magic
  1585 | D:2      | Reached skill level 1 in Ice Magic
  1585 | D:2      | Reached skill level 1 in Air Magic
  1585 | D:2      | Reached skill level 1 in Earth Magic
  1585 | D:2      | Reached skill level 1 in Poison Magic
  1663 | D:3      | Found a hide-covered altar of Uskayaw.
  1681 | D:3      | Found a white marble altar of Elyvilon.
  1928 | D:3      | Noticed Robin
  1967 | D:3      | Reached XP level 5. HP: 36/47 MP: 6/6
  1977 | D:3      | Killed Robin
  2105 | D:3      | Found a faded altar of an unknown god.
  2244 | D:3      | Found a snail-covered altar of Cheibriados.
  2943 | D:4      | Reached XP level 6. HP: 53/53 MP: 8/8
  3099 | D:4      | Noticed an ice beast
  3116 | D:4      | Killed an ice beast
  3117 | D:4      | Reached skill level 5 in Polearms
  3636 | D:5      | Entered Level 5 of the Dungeon
  3653 | D:5      | Reached XP level 7. HP: 39/59 MP: 10/10
  4752 | D:5      | Reached XP level 8. HP: 25/67 MP: 12/12
  5697 | D:6      | Noticed Blork the orc
  5698 | D:6      | Found an iron altar of Okawaru.
  5711 | D:6      | Killed Blork the orc
  5826 | D:6      | Became a worshipper of Warmaster Okawaru
  5931 | D:6      | Found a staircase to the Ecumenical Temple.
  6400 | D:6      | Found a radiant altar of Vehumet.
  6672 | D:7      | Reached XP level 9. HP: 67/73 MP: 14/14
  6747 | D:7      | Noticed a hornet
  6751 | D:7      | Killed a hornet
  6751 | D:7      | Reached * piety under Okawaru
  7189 | D:7      | Found Lanwui's Distillery.
  7192 | D:7      | Bought a potion of degeneration for 13 gold pieces
  7192 | D:7      | Bought a potion of lignification for 39 gold pieces
  7192 | D:7      | Bought a potion of curing for 39 gold pieces
  7193 | D:7      | Bought a potion of curing for 39 gold pieces
  7193 | D:7      | Bought a potion of flight for 39 gold pieces
  7468 | D:7      | Found an ancient bone altar of Kikubaaqudgha.
  7782 | D:8      | Found a staircase to the Lair.
  7818 | D:8      | Reached ** piety under Okawaru
  7835 | D:8      | Reached skill level 5 in Invocations
  8477 | D:8      | Noticed a two-headed ogre
  8487 | D:8      | Killed a two-headed ogre
  8487 | D:8      | Reached *** piety under Okawaru
  8487 | D:8      | Reached **** piety under Okawaru
  8488 | D:8      | Reached skill level 5 in Short Blades
  8488 | D:8      | Reached skill level 5 in Long Blades
  8488 | D:8      | Reached skill level 5 in Axes
  8488 | D:8      | Reached skill level 5 in Maces & Flails
  8488 | D:8      | Reached skill level 5 in Staves
  8488 | D:8      | Reached skill level 5 in Slings
  8488 | D:8      | Reached skill level 5 in Bows
  8488 | D:8      | Reached skill level 5 in Crossbows
  8488 | D:8      | Reached skill level 5 in Throwing
  8488 | D:8      | Reached skill level 5 in Dodging
  8488 | D:8      | Reached skill level 5 in Stealth
  8488 | D:8      | Reached skill level 5 in Unarmed Combat
  8488 | D:8      | Reached skill level 5 in Spellcasting
  8488 | D:8      | Reached skill level 5 in Evocations
  8488 | D:8      | Reached XP level 10. HP: 23/81 MP: 17/17
  9703 | D:9      | Noticed Erolcha
  9709 | D:9      | Cast into level 1 of the Abyss (Erolcha)
  9767 | Abyss:1  | Noticed a spatial maelstrom
  9773 | Abyss:2  | Noticed a starcursed mass
  9790 | Abyss:2  | HP: 2/82 [starcursed mass (5)]
  9792 | Abyss:2  | Mangled by a starcursed mass

Illustrated notes

Levels and vault maps discovered:
D:1:      saegor_arrival_under_anarchy, layout_basic
D:2:      layout_loops_ring, hangedman_feature_mirror
D:3:      layout_basic, elyvilon_altar_4, lemuel_coloured_pillars_altar,
          nicolae_uskayaw_dance_hall, basic_ecumenical_altar,
          lemuel_another_geyser, uniq_robin
D:4:      layout_basic, nrook_uturn, hex_large
D:5:      layout_loops_ring
D:6:      layout_basic, kennysheep_mini_moat, okawaru_trees_1,
          minmay_temple_entry_mist, uniq_blork_the_orc
D:7:      minmay_angry_zag, layout_basic, kiku_gazebo_garden_becter,
          serial_shops, nicolae_shop_behind_doors
D:8:      layout_basic, erik_lair_orcish_takeover, st_stairs_7
D:9:      layout_grid_maze, uniq_erolcha
Abyss:2:  base:
Temple

Skill      XL: |  1  2  3  4  5  6  7  8  9 10 |
---------------+-------------------------------+-----
Invocations    | 1 2 3 4 5 |  5.6
Short Blades   | 1 2 3 5 |  5.1
Long Blades    | 1 2 3 5 |  5.1
Axes           | 1 2 3 5 |  5.1
Maces & Flails | 1 2 3 5 |  5.1
Staves         | 1 2 3 5 |  5.1
Slings         | 1 2 3 5 |  5.1
Bows           | 1 2 3 5 |  5.1
Crossbows      | 1 2 3 5 |  5.1
Throwing       | 1 2 3 5 |  5.1
Dodging        | 1 2 3 5 |  5.1
Stealth        | 1 2 3 5 |  5.1
Unarmed Combat | 1 2 3 5 |  5.1
Spellcasting   | 1 2 3 5 |  5.1
Evocations     | 1 2 3 5 |  5.1
Conjurations   | 1 2 3 4 |  4.2
Hexes          | 1 2 3 4 |  4.2
Summonings     | 1 2 3 4 |  4.2
Necromancy     | 1 2 3 4 |  4.2
Translocations | 1 2 3 4 |  4.2
Transmutations | 1 2 3 4 |  4.2
Fire Magic     | 1 2 3 4 |  4.2
Ice Magic      | 1 2 3 4 |  4.2
Air Magic      | 1 2 3 4 |  4.2
Earth Magic    | 1 2 3 4 |  4.2
Poison Magic   | 1 2 3 4 |  4.2
Polearms       | 5 6 7 |  7.0
Fighting       | 7 8 |  8.4
Armour         | 7 8 |  8.4
Shields        | 7 8 |  8.4

Action                   |  1- 3 |  4- 6 |  7- 9 | 10-12 || total
-------------------------+-------+-------+-------+-------++-------
Melee: Trident           |    81 |   225 |   432 |   112 ||   850
       Bite              |     4 |    17 |    64 |     7 ||    92
Throw: Javelin           |       |     1 |    27 |     4 ||    32
       Throwing net      |       |       |     2 |       ||     2
Invok: Heroism           |       |       |       |     1 ||     1
Evoke: Wand              |       |       |     7 |     1 ||     8
  Use: Potion            |       |       |     6 |     1 ||     7
 Stab: Held in net/web   |       |       |     1 |       ||     1
Armor: Scale mail        |    13 |    65 |   197 |       ||   275
       Chain mail        |       |       |    12 |    58 ||    70
Dodge: Dodged            |    19 |    71 |   176 |    39 ||   305
Block: Buckler           |     7 |    58 |   135 |    24 ||   224
